 Dungeon Crawl Stone Soup version 0.26-a0-543-ge420d365 (webtiles) character file.

Game seed: 8748743584851533052

158 B1Gdaddy5 the Conjurer (level 5, -2/55 HPs)
             Began as a Human Conjurer on Aug 19, 2020.
             Slain by an orc
             ... wielding a +0 whip of flaming
              (4 damage)
             ... on level 3 of the Dungeon.
             The game lasted 01:26:21 (4643 turns).

B1Gdaddy5 the Conjurer (Human Conjurer)             Turns: 4643, Time: 01:26:22

Health: -2/55      AC:  2    Str:  8    XL:     5   Next: 67%
Magic:  5/8        EV: 13    Int: 19    God:
Gold:   125        SH:  0    Dex: 11    Spells: 6/9 levels left

rFire    . . .     SeeInvis .   k - +0 whip
rCold    . . .     Faith    .   (no shield)
rNeg     . . .     Spirit   .   f - +0 robe
rPois    .         Reflect  .   (no helmet)
rElec    .         Harm     .   (no cloak)
rCorr    .                      (no gloves)
MR       .....                  (no boots)
Stlth    ..........             (no amulet)
HPRegen  0.18/turn              (no ring)
MPRegen  0.11/turn              (no ring)

@: confused, brilliant, berserking, very quick
A: no striking features
a: no special abilities


You were on level 3 of the Dungeon.
You visited 1 branch of the dungeon, and saw 3 of its levels.

You collected 125 gold pieces.

Inventory:

Hand Weapons
 d - a +1 club
 k - a +0 whip (weapon)
Missiles
 c - 26 bolts
 e - 19 poisoned darts (quivered)
 g - 67 stones
Armour
 a - a +0 robe
 f - a +0 robe (worn)
 o - a +0 robe
Scrolls
 b - a scroll of enchant weapon
 i - a scroll of remove curse
 l - a scroll of enchant armour {unknown}
 m - a scroll of random uselessness {unknown}
 q - a scroll of teleportation {unknown}
Potions
 j - a potion of haste
 n - a potion of flight


   Skills:
 * Level 1.2 Fighting
 - Level 1.0 Throwing
 + Level 3.0 Dodging
 + Level 2.8 Stealth
 + Level 2.5 Spellcasting
 + Level 5.0 Conjurations


You had 6 spell levels left.
You knew the following spells:

 Your Spells              Type           Power        Failure   Level
a - Magic Dart            Conj           ####         1%          1
b - Searing Ray           Conj           ####..       3%          2

Your spell library contained the following spells:

 Spells                   Type           Power        Failure   Level
 Dazzling Flash           Conj/Hex       ###...       17%         3
 Fulminant Prism          Conj/Hex       ###.......   50%         4
 Iskenderun's Mystic Bla  Conj/Tloc      ###.....     50%         4


Dungeon Overview and Level Annotations

Branches:
Dungeon (3/15)

Altars:
Trog


Message History

Press: ? - help, Shift-Dir - straight line, f/p - orc
Aim: an orc, wielding a +0 whip You throw a poisoned dart.
The orc hits you with a +0 whip.
* * * LOW HITPOINT WARNING * * *
Something hits you but does no damage. Something hits you but does no damage.
You hit the orc.
The orc is severely wounded.
The orc closely misses you. Something hits you.
* * * LOW HITPOINT WARNING * * *
You bump into the rock wall.
You hear some strange, mumbled words.
A puff of flame appears from out of thin air!
The puff of flame misses you.
A red film seems to cover your vision as you go berserk!
You feel yourself moving faster!
You feel mighty! The orc misses you.
The orc hits you with a +0 whip of flaming!
* * * LOW HITPOINT WARNING * * *
The orc burns you.
You die...

#... #.. #(. #....
#.. ##...# #.#
#####.....
#)#######.........
#.##..............
#o{..#............
#@o###............
#..# #............
#...# #............
#.#.# #............
#..................
##..###......##....
.## #......##....
#......##....
#......#...#.


You could see 2 orcs.

Vanquished Creatures
  Jessica (D:3)
  Terence (D:2)
  Natasha (twice) (D:3)
  2 adders
  2 dart slugs (D:1)
  An orc (D:3)
  2 giant cockroaches
  8 goblins
  2 hobgoblins (D:1)
  2 jackals (D:2)
  A ball python (D:1)
  8 bats
  A frilled lizard (D:2)
  4 kobolds
  7 rats
44 creatures vanquished.

Notes
Turn   | Place    | Note
-------+----------+-------------------------------------------
     0 | D:1      | B1Gdaddy5 the Human Conjurer began the quest for the Orb.
     0 | D:1      | Reached XP level 1. HP: 13/13 MP: 3/3
   355 | D:1      | Reached XP level 2. HP: 19/19 MP: 1/5
   363 | D:1      | Learned a level 2 spell: Searing Ray
  1352 | D:1      | Reached XP level 3. HP: 24/24 MP: 4/6
  2211 | D:2      | Noticed Terence
  2230 | D:2      | Killed Terence
  2230 | D:2      | Reached skill level 1 in Throwing
  2230 | D:2      | Reached XP level 4. HP: 11/30 MP: 1/7
  3418 | D:3      | Noticed Jessica
  3421 | D:3      | Killed Jessica
  3630 | D:3      | Reached XP level 5. HP: 22/36 MP: 6/8
  4188 | D:3      | Found a bloodstained altar of Trog.
  4188 | D:3      | Noticed Natasha
  4193 | D:3      | Killed Natasha
  4193 | D:3      | Reached skill level 1 in Fighting
  4249 | D:3      | Noticed Natasha
  4263 | D:3      | Killed Natasha
  4263 | D:3      | Reached skill level 5 in Conjurations
  4643 | D:3      | HP: 2/55 [orc/+0 whip of flaming (7)]
  4643 | D:3      | Slain by an orc

Illustrated notes

Levels and vault maps discovered:
D:1:      lightli_arrival_statue_moat, layout_basic,
          chequers_hall_statues_corner_a, minmay_ruptured
D:2:      layout_loops_corners, kennysheep_donut, uniq_terence
D:3:      layout_rooms, gammafunk_temple_overflow_elements, lemuel_round_altar,
          uniq_jessica, uniq_natasha

Skill      XL: |  1  2  3  4  5 |
---------------+----------------+-----
Throwing       | 1 |  1.0
Fighting       | 1 |  1.2
Dodging        | 3 |  3.0
Conjurations   | 5 |  5.0
Stealth        | |  2.8
Spellcasting   | |  2.5

Action                   |  1- 3 |  4- 6 || total
-------------------------+-------+-------++-------
Melee: Club              |     3 |       ||     3
       Whip              |       |     1 ||     1
Throw: Dart              |    21 |    14 ||    35
 Cast: Magic Dart        |    29 |    14 ||    43
       Searing Ray       |     6 |     5 ||    11
  Use: Scroll            |     1 |     5 ||     6
       Potion            |       |     2 ||     2
Armor: Robe              |    25 |     1 ||    26
Dodge: Dodged            |    69 |    13 ||    82

Table legend: (Time is in decaauts)
 A = Elapsed time spent in this place.
 B = Non-inter-level travel time spent in this place.
 C = Inter-level travel time spent in this place.
 D = Time resting spent in this place.
 E = Time spent auto-exploring this place.
 F = Levels seen in this place.
 G = Mean time per level.
                   A        B        C        D        E       F      G
               +--------+--------+--------+--------+--------+-----+--------+
         Total |   4642 |   4505 |    137 |   2072 |     13 |   3 | 1547.3 |
       Dungeon |   4642 |   4505 |    137 |   2072 |     13 |   3 | 1547.3 |
               +--------+--------+--------+--------+--------+-----+--------+

Top non-repeatable levels by time:
     D:1: 1940 daAuts
     D:2: 1452 daAuts
     D:3: 1249 daAuts
